 Dungeon Crawl Stone Soup version 0.31-a0-358-gac0dbeb3ab (webtiles) character file.

Game seed: 12646467552735546053

1098 CrazyBamboolord the Magician (level 8, -14/57 HPs)
             Began as a Mummy Necromancer on July 26, 2023.
             Demolished by Menkaure (22 damage)
             ... on level 4 of the Dungeon.
             The game lasted 00:15:41 (4496 turns).

CrazyBamboolord the Magician (Mummy Necromancer)    Turns: 4496, Time: 00:15:42

Health: -14/57     AC:  3    Str: 12    XL:     8   Next: 10%
Magic:  19/19      EV: 12    Int: 16    God:
Gold:   214        SH:  0    Dex: 12    Spells: 8/21 levels left

rFire   x . .        c - +0 dagger (flame)
rCold   + . .        (no shield)
rNeg    + + +        a - +0 robe
rPois   ∞            (no helmet)
rElec   .            (no cloak)
rCorr   .            j - +0 pair of gloves
SInv    +            (no boots)
Will    +....        (no amulet)
Stlth   ++           d - ring of see invisible
HPRegen 0.29/turn    m - +4 ring of slaying
MPRegen 0.16/turn

%: faith
@: about to teleport
A: cold resistance 1, negative energy resistance 3, torment resistance 2, heat
vulnerability 1, in touch with death 1, no potions, faith
a: no special abilities


You were on level 4 of the Dungeon.
You visited 1 branch of the dungeon, and saw 5 of its levels.

You collected 214 gold pieces.

Inventory:

Hand Weapons
 c - a +0 dagger of flaming (weapon)
Armour
 a - a +0 robe (worn)
 j - a +0 pair of gloves (worn)
Jewellery
 d - a ring of see invisible (left hand)
 m - a +4 ring of slaying (right hand)
Scrolls
 b - a scroll of teleportation
 e - 2 scrolls of immolation
 f - a scroll of fear {unknown}
 g - a scroll of enchant armour {unknown}
 h - 3 scrolls of poison
 i - 2 scrolls of blinking
 k - a scroll of amnesia
 l - a scroll of vulnerability {unknown}


   Skills:
 * Level 2.8 Fighting
 * Level 2.9 Dodging
 + Level 1.9 Stealth
 * Level 7.4 Spellcasting
 * Level 7.2 Necromancy


You had 8 spell levels left.
You knew the following spells:

 Your Spells              Type           Power      Damage    Failure   Level
a - Necrotise             Necr           100%       1d9       1%          1
b - Vampiric Draining     Necr           43%        2d9       1%          3
c - Animate Dead          Necr           43%        N/A       6%          4
d - Agony                 Necr           43%        N/A       17%         5

Your spell library contained the following spells:

 Spells                   Type           Power      Damage    Failure   Level
 Olgreb's Toxic Radiance  Pois           5%         N/A       75%         4
 Discord                  Hex            2%         N/A       100%        8
 Ignition                 Fire           2%         3d3       100%        8


Dungeon Overview and Level Annotations

Branches:
Dungeon (5/15)
 Temple: D:4-7

Altars:
Hepliaklqana

Shops:
D:4 :   D:5 :

Annotations:
D:4 Menkaure


Innate Abilities, Weirdness & Mutations

You are immune to poison.
Your flesh is cold resistant. (rC+)
You are immune to negative energy. (rN+++)
You are immune to unholy pain and torment.
You are vulnerable to heat. (rF-)
You are in touch with the powers of death.
You do not drink.
You have a special connection with the divine. (Faith)


Message History

Level annotation: Menkaure Menkaure shouts!
There is a stone staircase leading up here.
m - a +4 ring of slaying (right hand) Hit: c) +0 dagger (flame)
Press: ? - help, Dir - move target, f - Menkaure
Aim: Menkaure (about 21% to evade your +0 dagger of flaming)
Your weapon can't reach that far!
Okay, then.
Hit: c) +0 dagger (flame)
Press: ? - help, Dir - move target, f - Menkaure
Aim: Menkaure (about 21% to evade your +0 dagger of flaming)
Your weapon can't reach that far!
Okay, then.
Menkaure gestures wildly while chanting.
Menkaure seems to speed up.
Things that are here:
a +0 robe; a +1 whip of freezing You hit Menkaure but do no damage.
Menkaure hits you.
Menkaure mumbles a few words.
Menkaure hits you!
You completely miss Menkaure. Menkaure hits you!
You hit Menkaure. You burn Menkaure.
Menkaure is moderately damaged.
Menkaure misses you.
Things that are here:
a +0 robe; a +1 whip of freezing
There is a stone staircase leading up here.
Menkaure closely misses you. Menkaure barely misses you.
You climb upwards.
There is a stone staircase leading down here.
Menkaure attacks as you move away! Menkaure hits you!
You see here a +0 whip.
As you read the scroll of teleportation, it crumbles to dust.
You feel strangely unstable. Menkaure barely misses you.
Menkaure attacks as you move away! Menkaure hits you!
* * * LOW HITPOINT WARNING * * *
Menkaure closely misses you. Menkaure attacks as you move away!
Menkaure hits you!!
You die...

#.#
#.###...###.######.
#.# #.# #.......#
#. #.#
##.###.#.##### #.
#.####...##)#....#
#.
#...........####.#
#. ######...####
#.# #. ##.## #.# #.
#.#### #.# #.
###.@..#####.####
#.
#..M.#..........#
#.
#......#####.##.#
#. #)###### #.##.#
#. #># #.##.# ##>
####[# #.##.# #..
#....# #.##.# #[#
#.##.## #..#.# #.#
#.##..# #....###.#


You could see Menkaure (fast).

Vanquished Creatures
  Pikel (D:5)
  Eustachio (D:5)
  A black bear (D:5)
  An ogre (D:4)
  2 hounds (D:4)
  An orc priest (D:5)
  Natasha (twice) (D:3)
  2 orc wizards (D:4)
  A sleepcap (D:4)
  4 adders
  A shadow imp (D:4)
  3 worms (D:2)
  A dart slug (D:1)
  8 orcs
  6 ball pythons
  5 endoplasms
  A giant cockroach (D:3)
  5 goblins
  7 hobgoblins
  3 jackals (D:2)
  8 kobolds
  2 quokkas (D:2)
  6 bats
  3 frilled lizards
  5 rats
80 creatures vanquished.

Vanquished Creatures (collateral kills)
  A goblin (D:1)
  A frilled lizard (D:1)
2 creatures vanquished.

Grand Total: 82 creatures vanquished

Notes
Turn   | Place    | Note
-------+----------+-------------------------------------------
     0 | D:1      | CrazyBamboolord the Mummy Necromancer began the quest for
                  | the Orb.
     0 | D:1      | Reached XP level 1. HP: 13/13 MP: 4/4
   269 | D:1      | Reached XP level 2. HP: 20/20 MP: 2/5
  1034 | D:2      | Reached skill level 1 in Fighting
  1133 | D:2      | Gained mutation: You are in touch with the powers of death.
                  | [Mummy growth]
  1133 | D:2      | Reached XP level 3. HP: 18/26 MP: 0/7
  1604 | D:2      | Learned a level 3 spell: Vampiric Draining
  1615 | D:2      | You fall into a shaft and drop 1 floor!
  1703 | D:3      | Found a faded altar of an unknown god.
  1768 | D:3      | Reached XP level 4. HP: 32/32 MP: 4/9
  1960 | D:3      | Noticed Natasha
  1965 | D:3      | Killed Natasha
  2061 | D:3      | Reached skill level 5 in Necromancy
  2075 | D:3      | Noticed Natasha
  2080 | D:3      | Killed Natasha
  2081 | D:3      | Reached XP level 5. HP: 21/37 MP: 2/11
  2229 | D:3      | Learned a level 4 spell: Animate Dead
  2415 | D:4      | Noticed a phantom
  2693 | D:4      | Found Nucorch's Book Shop.
  2823 | D:4      | Noticed an ogre
  2834 | D:4      | Learned a level 5 spell: Agony
  2844 | D:4      | Killed an ogre
  2845 | D:4      | Reached skill level 5 in Spellcasting
  2845 | D:4      | Reached XP level 6. HP: 44/44 MP: 7/13
  3571 | D:4      | Found a hazy altar of Hepliaklqana.
  3634 | D:5      | Entered Level 5 of the Dungeon
  3634 | D:5      | Noticed Menkaure
  3634 | D:5      | Noticed a vampire
  3634 | D:5      | Found Siqiloje's Book Shoppe.
  3866 | D:5      | Noticed Pikel
  3980 | D:5      | Killed Pikel
  3981 | D:5      | Reached XP level 7. HP: 51/51 MP: 5/17
  4255 | D:5      | Identified the +1 scale mail "Umeepty" {Str+5 Stlth+}
  4255 | D:5      | Noticed Eustachio
  4264 | D:5      | Killed Eustachio
  4265 | D:5      | Reached XP level 8. HP: 57/57 MP: 5/19
  4496 | D:4      | Demolished by Menkaure

Illustrated notes

Levels and vault maps discovered:
D:1:      heliophobic_arrival_henge, layout_basic, minivault_26,
          serial_bayou_pond_a
D:2:      layout_rooms, chequers_serial_rivers_small_b
D:3:      layout_basic, basic_ecumenical_altar, uniq_natasha
D:4:      layout_loops_ring, worldfamousw_hep_ancestral_shrine, serial_shops,
          shop
D:5:      layout_rooms, minmay_temple_entry_sparse_star, serial_shops, shop,
          shop, nicolae_diamond_shop, nicolae_stop_n_shop_2, kennysheep_mini,
          uniq_menkaure, uniq_pikel, uniq_eustachio

Skill      XL: |  1  2  3  4  5  6  7 |
---------------+----------------------+-----
Fighting       | 1 2 |  2.8
Spellcasting   | 3 4 5 6 7 |  7.4
Dodging        | 2 |  2.9
Necromancy     | 5 6 7 |  7.2
Stealth        | |  1.9

Action                     |  1- 3 |  4- 6 |  7- 9 || total
---------------------------+-------+-------+-------++-------
  Melee: Dagger            |    24 |    11 |    17 ||    52
  Throw: Throwing net      |       |     1 |       ||     1
   Cast: Necrotise         |    68 |    88 |     4 ||   160
         Vampiric Draining |       |     6 |     7 ||    13
    Use: Scroll            |       |     6 |     1 ||     7
 Armour: Robe              |     3 |     2 |     4 ||     9
  Dodge: Dodged            |    24 |    29 |    24 ||    77

Table legend: (Time is in decaauts)
 A = Elapsed time spent in this place.
 B = Non-inter-level travel time spent in this place.
 C = Inter-level travel time spent in this place.
 D = Time resting spent in this place.
 E = Time spent auto-exploring this place.
 F = Levels seen in this place.
 G = Mean time per level.
                   A        B        C        D        E       F      G
               +--------+--------+--------+--------+--------+-----+--------+
         Total |   4502 |   4243 |    259 |    671 |   2873 |   5 |  900.4 |
       Dungeon |   4502 |   4243 |    259 |    671 |   2873 |   5 |  900.4 |
               +--------+--------+--------+--------+--------+-----+--------+

Top non-repeatable levels by time:
     D:4: 1511 daAuts
     D:3: 977 daAuts
     D:1: 877 daAuts
     D:2: 738 daAuts
     D:5: 398 daAuts
